 Dungeon Crawl Stone Soup version 0.25.1-1-g288607f (webtiles) character file.

Game seed: 11541566418003191427

6203 MercyWheel the Martial Artist (level 10, 0/79 HPs)
             Began as a Demonspawn Gladiator on Dec 18, 2020.
             Was a Believer of Qazlal.
             Slain by a red ugly thing (4 damage)
             ... on level 9 of the Dungeon.
             The game lasted 00:28:00 (10438 turns).

MercyWheel the Martial Artist (DsGl)               Turns: 10438, Time: 00:28:01

Health: 0/79       AC: 10    Str: 12 (15) XL:     10   Next: 61%
Magic:  0/14       EV:  6    Int: 15 (16) God:    Qazlal [**....]
Gold:   372        SH:  2    Dex: 14 (17) Spells: 9/9 levels left

rFire    + . .     SeeInvis .     - Unarmed
rCold    + . .     Gourm    .   (no shield)
rNeg     . . .     Faith    .   M - +0 chain mail (curse)
rPois    .         Spirit   +   c - +0 helmet
rElec    .         Reflect  .   (no cloak)
rCorr    .         Harm     .   (no gloves)
MR       .....                  g - -1 pair of boots
Stlth    ..........             x - amulet of regeneration
HPRegen  0.63/turn              u - +6 ring of intelligence
MPRegen  0.28/turn              y - ring of protection from fire

@: drained
A: claws 1, talons 1, cold resistance 1, magic shield, magic regeneration, magic
link, freezing cloud immunity
a: Upheaval, Renounce Religion


You were on level 9 of the Dungeon.
You worshipped Qazlal.
Qazlal was pleased with you.
You were not hungry.

You visited 3 branches of the dungeon, and saw 12 of its levels.

You collected 372 gold pieces.

Inventory:

Hand Weapons
 a - a +1 rapier
 C - the +3 rapier "Aptam" {vamp, SInv}
   (You found it on level 6 of the Dungeon)

   It inflicts no extra harm, but heals its wielder when it wounds a living foe.
   It lets you see invisible.
 O - a +0 arbalest
Missiles
 d - 2 throwing nets
 q - 42 poisoned darts
 v - 11 boomerangs (quivered)
 B - 40 sling bullets
Armour
 b - a +0 leather armour
 c - a +0 helmet (worn)
 g - a -1 pair of boots (worn)
 s - a +0 scale mail
 M - a cursed +0 chain mail (worn)
Jewellery
 u - a +6 ring of intelligence (left claw)
 x - an amulet of regeneration (around neck)
 y - a ring of protection from fire (right claw)
 L - an uncursed ring of poison resistance {unknown}
Wands
 t - a wand of iceblast (19)
 J - a wand of flame (13)
 P - a wand of random effects (19)
Scrolls
 e - 6 scrolls of remove curse
 j - 3 scrolls of enchant weapon
 m - 2 scrolls of teleportation
 n - 2 scrolls of blinking
 w - a scroll of magic mapping
 D - a scroll of noise {unknown}
 E - a scroll of brand weapon {unknown}
 G - a scroll of immolation {unknown}
 I - 5 scrolls of identify
 Q - a scroll of amnesia
Potions
 h - 2 potions of brilliance
 i - 2 potions of curing
 k - 2 potions of invisibility {unknown}
 l - a potion of might {unknown}
 o - 4 potions of heal wounds {unknown}
 p - 2 potions of flight {unknown}
 r - 3 potions of stabbing {unknown}
 z - 2 potions of mutation {unknown}
 A - 2 potions of ambrosia
 F - a potion of cancellation {unknown}
 H - 3 potions of lignification {unknown}
 K - 3 potions of degeneration
Comestibles
 f - 27 rations
 N - 4 chunks of flesh


   Skills:
 - Level 7.0(5.9) Fighting
 - Level 5.0(4.0) Short Blades
 - Level 2.4(1.4) Throwing
 + Level 5.0(4.0) Armour
 - Level 4.0(3.0) Dodging
 - Level 10.0(8.8) Unarmed Combat
 - Level 5.7(4.6) Invocations
 - Level 2.0(1.1) Evocations


You had 9 spell levels left.
You didn't know any spells.
Your spell library contained the following spells:

 Spells                   Type           Power        Failure   Level  Hunger
 Magic Dart               Conj           #...         100%        1    ##.....
 Sandblast                Erth           #.....       100%        1    ##.....
 Blink                    Tloc           N/A          100%        2    ###....
 Call Imp                 Summ           #.......     100%        2    ###....
 Passwall                 Tmut/Erth      #.......     100%        2    ###....
 Slow                     Hex            #.......     100%        2    ###....
 Conjure Flame            Conj/Fire      #.......     100%        3    ####...
 Mephitic Cloud           Conj/Pois/Air  #.......     100%        3    ####...
 Stone Arrow              Conj/Erth      #.....       100%        3    ####...
 Petrify                  Tmut/Erth      #.......     100%        4    #####..
 Lee's Rapid Deconstruct  Erth           #.........   100%        5    ######.


Dungeon Overview and Level Annotations

Branches:
Dungeon (10/15)            Temple (1/1) D:5            Lair (1/6) D:9
    Orc: D:9-12

Altars:
Ashenzari
Cheibriados
Dithmenos
Elyvilon
Fedhas
Gozag
Hepliaklqana
Kikubaaqudgha
Makhleb
Nemelex Xobeh
Okawaru
Qazlal
Ru
Sif Muna
Trog
Uskayaw
Vehumet
Wu Jian
Xom
Yredelemnul
Zin
The Shining One

Shops:
D:5 }

Annotations:
D:9 exclusion: downstairs


Innate Abilities, Weirdness & Mutations

You have sharp fingernails.
You have sharp toenails.
Your flesh is cold resistant. (rC+)
When hurt, damage is shared between your health and your magic reserves.
You regenerate magic rapidly.
When low on magic, you restore magic in place of health.
You are immune to freezing clouds.


Message History

You scratch the red ugly thing but do no damage.
The red ugly thing is heavily wounded.
You claw the red ugly thing!
The red ugly thing is heavily wounded.
The red ugly thing engulfs you!
You are engulfed in flames!
You resist.
* * * LOW HITPOINT WARNING * * *
Aiming: Upheaval
Press: ? - help, Dir - move target cursor A storm cloud blasts the area with cutting wind!
The red ugly thing engulfs you!
* * * LOW HITPOINT WARNING * * *
You are engulfed in flames!
You resist.
* * * LOW HITPOINT WARNING * * *
Unknown command.
You don't have enough magic at the moment.
Unknown command.
You scratch the red ugly thing.
The red ugly thing is heavily wounded.
The red ugly thing engulfs you.
You die...

#.....#...............
#.....+............###
#.....#............##.
#.....#....##......##.
#.....#....##......##.
#.#...'.............#.
#.#...#.............'.
#.....#.............#.
#....@#....##########.
#....u#....##########.
#.##..#....##.........
#.##..#....##.........
#.##..#######.........
#.....#....##..^...##.
#.....#....###########
#.....#....##......##.
#....>#...............


You could see a red ugly thing.

Vanquished Creatures
  A two-headed ogre (D:9)
  A hippogriff (D:8)
  3 yaks (D:9)
  A wyvern (shapeshifter) (D:10)
  A steam dragon (D:7)
  3 water moccasins
  A porcupine (D:9)
  2 orc warriors (D:9)
  2 sky beasts (D:6)
  A black bear (D:8)
  5 necrophages (D:8)
  A phantom (D:6)
  4 centaurs
  4 ogres
  2 big kobolds
  3 bullfrogs (D:9)
  5 scorpions
  5 killer bees (D:10)
  9 wights
  A howler monkey (D:6)
  6 crimson imps
  A bullfrog zombie (D:7)
  11 hounds
  A centaur skeleton (D:4)
  2 quasits (D:6)
  4 orc priests
  3 bullfrog skeletons
  2 iguanas
  7 orc wizards
  5 worker ants
  3 hound zombies
  A mummy (D:7)
  3 worker ant zombies
  5 adders
  An ooze (D:5)
  3 worms
  4 dart slugs
  4 leopard geckos
  27 orcs
  5 bats
  2 giant cockroaches
  13 goblins
  6 hobgoblins
  4 quokkas
  A ball python (D:3)
  8 frilled lizards
  8 kobolds
  A leopard gecko skeleton (D:5)
  5 rats
  A bush (D:8)
202 creatures vanquished.

Vanquished Creatures (others)
  3 plants (D:8)
3 creatures vanquished.

Grand Total: 205 creatures vanquished

Notes
Turn   | Place    | Note
-------+----------+-------------------------------------------
     0 | D:1      | MercyWheel the Demonspawn Gladiator began the quest for the
                  | Orb.
     0 | D:1      | Reached XP level 1. HP: 16/16 MP: 1/1
   309 | D:1      | Gained mutation: When hurt, damage is shared between your
                  | health and your magic reserves. [demonic ancestry]
   309 | D:1      | Reached XP level 2. HP: 21/22 MP: 2/2
   926 | D:1      | Gained mutation: Your flesh is cold resistant. (rC+)
                  | [demonic ancestry]
   926 | D:1      | Reached XP level 3. HP: 25/27 MP: 3/3
  1662 | D:2      | Found a faded altar of an unknown god.
  2078 | D:2      | Reached XP level 4. HP: 30/34 MP: 4/4
  2846 | D:4      | Gained mutation: You are immune to freezing clouds.
                  | [demonic ancestry]
  2846 | D:4      | Reached XP level 5. HP: 43/43 MP: 5/5
  3024 | D:4      | Reached skill level 5 in Fighting
  3230 | D:4      | Found a stormy altar of Qazlal.
  3328 | D:4      | Gained mutation: You have sharp toenails. [demonic
                  | ancestry]
  3328 | D:4      | Reached XP level 6. HP: 28/51 MP: 2/6
  3728 | D:4      | Reached skill level 5 in Short Blades
  4068 | D:5      | Entered Level 5 of the Dungeon
  4068 | D:5      | Found Dicus's Gadget Shoppe.
  4085 | D:5      | Reached skill level 1 in Evocations
  4469 | D:5      | Gained mutation: You have sharp fingernails. [demonic
                  | ancestry]
  4469 | D:5      | Reached XP level 7. HP: 33/56 MP: 5/8
  4983 | D:5      | HP: 2/56 [centaur (6)]
  5571 | D:5      | Found a staircase to the Ecumenical Temple.
  5581 | Temple   | Entered the Ecumenical Temple
  5693 | Temple   | Became a worshipper of Qazlal Stormbringer
  6345 | D:6      | Got a transparent rapier
  6346 | D:6      | Identified the cursed +3 rapier "Aptam" {vamp, SInv} (You
                  | found it on level 6 of the Dungeon)
  6417 | D:6      | Reached skill level 1 in Unarmed Combat
  6417 | D:6      | Gained mutation: You regenerate magic rapidly. [demonic
                  | ancestry]
  6417 | D:6      | Reached XP level 8. HP: 62/62 MP: 9/9
  6492 | D:6      | Reached skill level 2 in Unarmed Combat
  6536 | D:6      | Reached skill level 3 in Unarmed Combat
  7047 | D:6      | Reached skill level 4 in Unarmed Combat
  7084 | D:7      | Reached skill level 5 in Unarmed Combat
  7182 | D:7      | Reached * piety under Qazlal
  7182 | D:7      | Reached skill level 6 in Unarmed Combat
  7251 | D:6      | Reached XP level 9. HP: 43/68 MP: 5/10
  7272 | D:6      | Reached skill level 7 in Unarmed Combat
  7942 | D:8      | Found a burning altar of Makhleb.
  7971 | D:8      | Found a blossoming altar of Fedhas.
  8005 | D:8      | Reached skill level 8 in Unarmed Combat
  8155 | D:8      | Found an iron altar of Okawaru.
  8559 | D:8      | Reached ** piety under Qazlal
  8559 | D:8      | Reached skill level 9 in Unarmed Combat
  8935 | D:9      | Reached skill level 10 in Unarmed Combat
  9039 | D:9      | Noticed a two-headed ogre
  9056 | D:9      | Killed a two-headed ogre
  9056 | D:9      | Gained mutation: When low on magic, you restore magic in
                  | place of health. [demonic ancestry]
  9056 | D:9      | Reached XP level 10. HP: 24/71 MP: 3/13
  9487 | D:9      | Found a staircase to the Lair.
  9500 | Lair:1   | Entered Level 1 of the Lair of Beasts
  9662 | D:9      | Reached skill level 5 in Invocations
  9994 | D:10     | Entered Level 10 of the Dungeon
 10404 | D:10     | Noticed a red ugly thing
 10416 | D:10     | Reached skill level 5 in Armour
 10438 | D:9      | Slain by a red ugly thing

Illustrated notes

Levels and vault maps discovered:
D:1:      tarquinn_simple_flora_water_e, layout_loops_ring
D:2:      layout_basic, chequers_ecumenical_altar_simple
D:3:      layout_loops_corners, first_ration, uniq_robin
D:4:      layout_loops_cross, minmay_misc_feat_secret_circle,
          nicolae_qazlal_eye_of_the_storm
D:5:      layout_basic, minmay_temple_entry_poolview, serial_shops,
          shop_fountains, minivault_5
D:6:      layout_basic
D:7:      layout_basic, gup_ossuary_entry_pyramid
D:8:      layout_cave_pools, old_standard_altar, basic_altar,
          blue_anna_alchemist [blue_anna_fruit_fields, blue_anna_fruit_fields],
          fedhas_altar_decomposition
D:9:      layout_stronghold, grunt_lair_entry_orc_guard_hut
D:10:     layout_cave_pools, minivault_20
Temple:   kilobyte_greek_temple
Lair:1:   beast_lair_carwin_large_1, layout_cave_pods

Skill      XL: |  1  2  3  4  5  6  7  8  9 10 |
---------------+-------------------------------+-----
Short Blades   | 3 4 5 |  5.0
Fighting       | 4 5 7 |  7.0
Evocations     | 2 |  2.0
Throwing       | 2 |  2.4
Dodging        | 3 4 |  4.0
Armour         | 3 5 |  5.0
Unarmed Combat | 1 6 10 | 10.0
Invocations    | 4 5 |  5.7

Action                   |  1- 3 |  4- 6 |  7- 9 | 10-12 || total
-------------------------+-------+-------+-------+-------++-------
Melee: Rapier            |    17 |   114 |   344 |       ||   475
       Dagger            |   130 |    71 |       |       ||   201
       Punch             |       |       |    13 |     2 ||    15
       Unarmed           |       |       |   149 |   180 ||   329
Throw: Throwing net      |       |     1 |       |       ||     1
       Dart              |       |     5 |     5 |       ||    10
       Boomerang         |       |       |    14 |       ||    14
Invok: Upheaval          |       |       |       |     5 ||     5
Evoke: Wand              |       |     2 |     2 |     1 ||     5
  Use: Scroll            |       |     7 |     3 |       ||    10
       Potion            |       |       |     3 |     3 ||     6
 Stab: Sleeping          |       |     1 |       |       ||     1
  Eat: Chunk             |     4 |     7 |    10 |     3 ||    24
       Ration            |       |       |     1 |     1 ||     2
Armor: Leather armour    |    29 |     8 |       |       ||    37
       Scale mail        |       |    33 |   145 |       ||   178
       Chain mail        |       |       |    11 |    73 ||    84
Dodge: Dodged            |    79 |    83 |   280 |    54 ||   496
Block: Other             |       |       |     9 |    10 ||    19
